 Dungeon Crawl Stone Soup version 0.18-a0-1805-g8ab820f (webtiles) character file.

11 SkaryMonk the Magician (level 2, -3/17 HPs)
             Began as an Octopode Wizard on Apr 26, 2016.
             Slain by a hobgoblin
             ... wielding a +0 club
              (7 damage)
             ... on level 1 of the Dungeon.
             The game lasted 00:01:22 (372 turns).

SkaryMonk the Magician (Octopode Wizard)             Turns: 372, Time: 00:01:24

Health: -3/17      AC:  1    Str:  6    XL:     2   Next: 25%
Magic:  6/6        EV: 12    Int: 20    God:
Gold:   12         SH:  0    Dex: 10    Spells: 1 memorised, 6 levels left

rFire  . . .     SeeInvis .     g - +0 whip
rCold  . . .     Gourm    .     (no shield)
rNeg   . . .     Faith    .     a - +0 hat
rPois  .         Spirit   .     i - amulet of harm
rElec  .         Dismiss  .     (no ring)
rCorr  .         Reflect  .     (no ring)
SustAt .         Harm     +     (no ring)
MR     .....                    (no ring)
Stlth  +++.......               (no ring)
                                (no ring)
                                (no ring)
                                (no ring)

@: not resistant to hostile enchantments, fairly stealthy
A: almost no armour, amphibious, 8 rings, constrict 8, camouflage 1, gelatinous
body 1
a: no special abilities


You were on level 1 of the Dungeon.
You were not hungry.

You visited 1 branch of the dungeon, and saw 1 of its levels.

You collected 12 gold pieces.

Notes
Turn   | Place    | Note
--------------------------------------------------------------
     0 | D:1      | SkaryMonk the Octopode Wizard began the quest for the Orb.
     0 | D:1      | Reached XP level 1. HP: 11/11 MP: 4/4
   363 | D:1      | Reached skill level 1 in Maces & Flails
   363 | D:1      | Reached XP level 2. HP: 9/17 MP: 6/6
   372 | D:1      | Slain by a hobgoblin

Inventory:

Hand Weapons
 d - a +0 dagger
 g - a +0 whip (weapon)
Armour
 a - a +0 hat (worn)
Jewellery
 i - an amulet of harm (around mantle)
Scrolls
 e - a scroll of recharging {unknown}
 f - a scroll of identify {unknown}
Books
 b - a book of Minor Magic

   Spells                             Type                      Level
   a - Magic Dart                     Conjuration                  1
   b - Blink                          Translocation                2
   c - Call Imp                       Summoning                    2
   d - Repel Missiles                 Charms/Air                   2
   e - Slow                           Hexes                        2
   f - Conjure Flame                  Conjuration/Fire             3
   g - Mephitic Cloud                 Conjuration/Poison/Air       3
Comestibles
 c - a bread ration
 h - a chunk of flesh

Table legend:
 A = Turns spent in this place as a percentage of turns spent in the entire game.
 B = Non-inter-level travel turns spent in this place as a percentage of non-inter-level travel turns spent in the entire game.
 C = Inter-level travel turns spent in this place as a percentage of turns spent in this place.
 D = Turns resting spent in this place as a percentage of non-inter-level travel turns spent in this place.
 E = Turns spent auto-exploring this place as a percentage of non-inter-level travel turns spent in this place.
 F = Non-inter-level travel turns spent in this place divided by the number of levels of this place that you've seen.
                   A       B       C       D       E      F
               +-------+-------+-------+-------+-------+----------------------
         Total | 100.0 | 100.0 |   0.0 |   4.7 |  10.6 |  85.0
       Dungeon | 100.0 | 100.0 |   0.0 |   4.7 |  10.6 |  85.0
               +-------+-------+-------+-------+-------+----------------------


   Skills:
 + Level 1.3 Maces & Flails
 - Level 2.0 Dodging
 - Level 2.6 Stealth
 - Level 3.0 Spellcasting
 - Level 1.5 Conjurations
   Level 1.0 Summonings
   Level 1.0 Translocations


You had 6 spell levels left.
You knew the following spells:

 Your Spells              Type           Power        Failure   Level  Hunger
a - Magic Dart            Conj           #...         10%         1    None


Dungeon Overview and Level Annotations

Branches:
Dungeon (1/15)

Altars:


Innate Abilities, Weirdness & Mutations

You cannot wear most types of armour.
You are amphibious.
You can wear up to eight rings at the same time.
You can use your tentacles to constrict eight enemies at once.
Your skin changes colour to match your surroundings (Stealth).
Your rubbery body absorbs attacks (AC +1).


Message History

The bat closely misses you. The hobgoblin completely misses you.
The kobold closely misses you.
A hobgoblin comes into view. It is wielding a club.
You hit the hobgoblin.
You kill the hobgoblin!
You constrict the kobold. The kobold hits you.
* * * LOW HITPOINT WARNING * * *
You hit the kobold.
You kill the kobold!
The bat barely misses you. The bat hits you but does no damage.
You hit the bat.
You kill the bat!
A goblin comes into view. It is wielding a dagger.
You see here a stone.
The goblin shouts!
You hit the hobgoblin. Your grab misses the hobgoblin.
The hobgoblin is severely wounded.
The hobgoblin hits you with a club.
You die...

#.# #....# ### #.#
#.##.# ..# #.#####.##.#
###.####.##.....#.#
...................
#.#.####.#.........
#.#.# #.#.........
####.#.####.#..##.....
.#...g@....#....##.....
...g..........>...#.....
#......†....#.....#.....
#.#.........#.###.#.....
# #.........#.. .......
#.........#### ...####
............ .#
##########.## ..#


You could see a hobgoblin and a goblin.

Table legend:
 A = Kills in this place as a percentage of kills in entire the game.
 B = Kills by you in this place as a percentage of kills by you in the entire game.
 C = Kills by friends in this place as a percentage of kills by friends in the entire game.
 D = Other kills in this place as a percentage of other kills in the entire game.
 E = Experience gained in this place as a percentage of experience gained in the entire game.
 F = Experience gained in this place divided by the number of levels of this place that you have seen.
                   A       B       C       D       E      F
               +-------+-------+-------+-------+-------+----------------------
         Total | 100.0 | 100.0 |  -nan |  -nan | 100.0 |  16.0
       Dungeon | 100.0 | 100.0 |  -nan |  -nan | 100.0 |  16.0
               +-------+-------+-------+-------+-------+----------------------

Vanquished Creatures
  3 bats (D:1)
  A goblin (D:1)
  3 hobgoblins (D:1)
  2 kobolds (D:1)
9 creatures vanquished.

Action                   || total
-------------------------++-------
Melee: Dagger            ||    11
       Whip              ||    14
       Constrict         ||     5
       Tentacles         ||     1
 Cast: Magic Dart        ||     3
 Stab: Sleeping          ||     2
Armor: Skin              ||     6
Dodge: Dodged            ||    26

Vault maps used:
D:1:      mrwooster_arrival_statue_2
